 Dungeon Crawl Stone Soup version 0.30-a0-586-g23e55c9e0a (webtiles) character file.

Game seed: 648650035924547300

7 Bnni the Vexing (level 2, 21/21 HPs)
             Began as a Formicid Hexslinger on Jan 3, 2023.
             Was a Follower of Makhleb.
             Quit the game on level 1 of the Dungeon.
             The game lasted 00:01:27 (181 turns).

Bnni the Vexing (Formicid Hexslinger)                Turns: 181, Time: 00:01:28

Health: 21/21      AC:  3    Str: 14    XL:     2   Next: 5%
Magic:  3/3        EV: 12    Int: 12    God:    Makhleb [*.....]
Gold:   0          SH:  0    Dex: 14    Spells: 2/3 levels left

rFire   . . .      SeeInvis +    a - +1 sling
rCold   . . .      Faith    .    (no shield)
rNeg    . . .      Spirit   .    c - +0 robe
rPois   .          Reflect  .    (helmet unavailable)
rElec   .          Harm     .    d - +0 cloak
rCorr   .          Rampage  .    (no gloves)
Will    .....                    (no boots)
Stlth   +                        (no amulet)
HPRegen 0.23/turn                (no ring)
MPRegen 0.08/turn                (no ring)

@: no status effects
A: permanent stasis, dig shafts and tunnels, antennae 3, four strong arms
a: Dig, Shaft Self, Renounce Religion


You were on level 1 of the Dungeon.
You worshipped Makhleb.
Makhleb was aware of your devotion.
You visited 1 branch of the dungeon, and saw 1 of its levels.

Inventory:

Hand Weapons
 a - a +1 sling (weapon)
Armour
 c - a +0 robe (worn)
 d - a +0 cloak (worn)
Scrolls
 b - a scroll of poison
 e - a scroll of teleportation {unknown}


   Skills:
 + Level 1.2 Fighting
 * Level 2.1 Ranged Weapons
 - Level 1.7 Dodging
 + Level 1.2 Spellcasting
 * Level 3.8 Hexes
 * Level 0.5 Fire Magic


You had 2 spell levels left.
You knew the following spells:

 Your Spells              Type           Power      Damage    Failure   Level
a - Slow                  Hex            36%        N/A       6%          1

Your spell library contained the following spells:

 Spells                   Type           Power      Damage    Failure   Level
 Inner Flame              Hex/Fire       5%         N/A       36%         3
 Portal Projectile        Hex/Tloc       10%        N/A       38%         3
 Cause Fear               Hex            4%         N/A       52%         4


Dungeon Overview and Level Annotations

Branches:
Dungeon (1/15)

Altars:
Makhleb


Innate Abilities, Weirdness & Mutations

You cannot be hasted, slowed, berserked, paralysed or teleported.
You can dig through walls and to a lower floor.
You have a pair of large antennae on your head. (SInv)
Your four strong arms can wield two-handed weapons with a shield.


Message History

You have reached level 2!
HP restored.
Things that are here:
a jackal corpse; a jackal corpse You see here a rat corpse.
A frilled lizard comes into view.
A frilled lizard is nearby!
A frilled lizard is nearby!
You shoot a sling bullet.
The sling bullet barely misses the frilled lizard.
The frilled lizard hisses angrily.
You shoot a sling bullet.
The sling bullet closely misses the frilled lizard.
You shoot a sling bullet.
The sling bullet hits the frilled lizard.
You kill the frilled lizard!
No target in view!
No target in view!
You see here a frilled lizard corpse.
e - a scroll labelled EQENOL DIRUGG You open the huge gate.
Found a faded altar of an unknown god.
No target in view!
There is a huge open gate here.
There is a huge open gate here.
There is a huge open gate here.
There is a stone staircase leading down here.
Found a leather armour.
No target in view!
There is a huge open gate here.
There is a huge open gate here.
There is a faded altar of an unknown god here.
This altar belongs to (a) Makhleb, (b) Dithmenos or (c) Sif Muna, but you can't tell which.
Press the corresponding letter to learn more about a god, or press enter to convert or escape to cancel.
Makhleb accepts your prayer! Makhleb welcomes you!
You can now gain health from killing.
Are you sure you want to abandon this character and quit the game? (Confirm with "yes".)
Okay, then.
Okay, then.
Are you sure you want to abandon this character and quit the game? (Confirm with "yes".)

.#.# .## #. #. [.... ..
#..#.##..#.# .#
#..#..#..#.####.#
#........#......# .......
#.'''''### ....
#.'''''..### .#.###
##.####.''@''............
#.......'''''..####....# #
#..####.'''''..####....##..
#..####.#..................
#....##.#......##.........
#.##.##.#....†.##.........
#...>...######.......##.#
####.############.......#
#........# ##.######


There were no monsters in sight!

Vanquished Creatures
  An endoplasm (D:1)
  3 jackals (D:1)
  A frilled lizard (D:1)
  A rat (D:1)
6 creatures vanquished.

Notes
Turn   | Place    | Note
-------+----------+-------------------------------------------
     0 | D:1      | Bnni the Formicid Hexslinger began the quest for the Orb.
     0 | D:1      | Reached XP level 1. HP: 15/15 MP: 2/2
    80 | D:1      | Reached XP level 2. HP: 9/21 MP: 3/3
   154 | D:1      | Found a faded altar of an unknown god.
   180 | D:1      | Prayed at the altar of an unknown god.
   180 | D:1      | Became a worshipper of Makhleb the Destroyer
   180 | D:1      | Reached * piety under Makhleb
   181 | D:1      | Quit the game

Illustrated notes

Levels and vault maps discovered:
D:1:      ncdulo_smallfort, layout_loops_cross,
          hellmonk_ecumenical_altar_heavens_door, serial_shops, shop

Action                   || total
-------------------------++-------
 Fire: Sling             ||    22
Armor: Robe              ||     9
Dodge: Dodged            ||     9

Table legend: (Time is in decaauts)
 A = Elapsed time spent in this place.
 B = Non-inter-level travel time spent in this place.
 C = Inter-level travel time spent in this place.
 D = Time resting spent in this place.
 E = Time spent auto-exploring this place.
 F = Levels seen in this place.
 G = Mean time per level.
                   A        B        C        D        E       F      G
               +--------+--------+--------+--------+--------+-----+--------+
         Total |    187 |    179 |      8 |      0 |    128 |   1 |  187.0 |
       Dungeon |    187 |    179 |      8 |      0 |    128 |   1 |  187.0 |
               +--------+--------+--------+--------+--------+-----+--------+

Top non-repeatable levels by time:
     D:1: 187 daAuts
